Bruins vs Devils

Created - 2 avril 2017 at 22:16

Goals
1 2 3 T
Bruins 1 1 1 3
Devils 3 2 0 5
Shots
1 2 3 T
Bruins 6 4 8 18
Devils 16 13 11 40

1st period

1. Devils , Matt Duchene 23 (Ilya Kovalchuk) at 15:35 (PP)
2. Devils , Jason Spezza 25 (Adam Pardy, Ted Purcell) at 16:52
3. Bruins , Adam Pineault 7 (Matt Cooke) at 17:25
4. Devils , Dan Boyle 9 (Jordan Eberle, Ilya Kovalchuk) at 18:06 (PP)

Penalties :
Dominic Moore (NJD) for Holding (Minor) at 2:07, Matt Cooke (Bos) for Slashing (Minor) at 15:29, Dainius Zubrus (Bos) for Goalie Interference (Minor) at 17:59

2nd period

5. Bruins , Henrik Sedin 39 (Wojtek Wolski) at 5:29
6. Devils , Ted Purcell 31 (Jason Spezza, Dan Boyle) at 14:07 (PP)
7. Devils , Ilya Kovalchuk 44 (Matt Duchene, Mike Komisarek) at 19:39

Penalties :
Adam Pardy (NJD) for Tripping (Minor) at 5:51, Ilya Kovalchuk (NJD) for Interference (Minor) at 10:53, Chris Kelly (Bos) for Holding (Minor) at 13:31, Mike Komisarek (NJD) for Tripping (Minor) at 16:52

3rd period

8. Bruins , Henrik Sedin 40 (Wojtek Wolski) at 0:37 (PP)

Penalties :
Matt Duchene (NJD) for High sticking (Minor) at 0:22, Victor Oreskovich (Bos) for Slashing (Minor) at 14:45

Goalie Stats

Roberto Luongo (Bos), 35 saves from 40 shots - (0,875), L, 25-21-0, 60:00 minutes
Cam Ward (NJD), 15 saves from 18 shots - (0,833), W, 24-28-6, 60:00 minutes

Players Stats for Bruins

Player Name              G  A  P  +/- PIM S  H  SB GA TA FO     MP     PP MP  PK MP  
------------------------------------------------------------------------------------
Adam Pineault            1  0  1   0  0   3  0  0  0  0  0/0    13:22   0:08   0:00 
Andrew Alberts           0  0  0   1  0   2  2  0  0  0  0/0    27:11   5:52   1:55 
Chris Kelly              0  0  0  -1  2   3  1  0  1  0  6/19   18:54   3:09   0:26 
Curtis Glencross         0  0  0   0  0   0  0  0  0  0  1/1     2:46   0:08   0:26 
Dainius Zubrus           0  0  0  -1  2   0  1  0  0  1  0/0    18:47   3:09   0:00 
Daniel Sedin             0  0  0  -1  0   0  1  0  0  0  1/1    19:11   3:09   0:33 
Daymond Langkow          0  0  0   0  0   0  0  0  0  0  2/6    14:06   0:00   0:33 
Henrik Sedin             2  0  2   1  0   3  0  2  0  0  13/33  25:23   4:54   1:49 
Jason Demers             0  0  0   1  0   0  1  3  1  1  0/0    29:38   5:52   1:55 
Jonathan Sigalet         0  0  0   1  0   1  0  0  0  1  0/0    12:03   0:00   0:00 
Justin Falk              0  0  0   0  0   0  0  0  0  0  0/0     3:09   0:00   0:00 
Mark Stuart              0  0  0  -2  0   0  1  2  0  0  0/0    18:19   2:19   0:53 
Matt Cooke               0  1  1   0  2   1  2  0  0  0  0/0    14:04   0:08   0:00 
Maxim Kondratiev         0  0  0  -2  0   0  0  1  0  0  0/0    18:19   2:19   0:53 
Nate Prosser             0  0  0   1  0   0  0  2  0  0  0/0    11:49   0:00   0:00 
Victor Oreskovich        0  0  0   1  2   0  1  0  1  0  1/1    20:51   4:54   0:00 
Viktor Stalberg          0  0  0   0  0   1  0  0  0  0  0/0     3:51   0:00   0:00 
Wojtek Wolski            0  2  2   1  0   4  1  0  2  1  4/8    25:25   4:54   1:49 

Players Stats for Devils

Player Name              G  A  P  +/- PIM S  H  SB GA TA FO     MP     PP MP  PK MP  
------------------------------------------------------------------------------------
Adam Pardy               0  1  1   0  2   1  1  0  0  1  0/0    17:27   0:46   3:03 
Alexandre Burrows        0  0  0   0  0   3  3  0  0  0  0/0     8:10   0:00   1:20 
Anthony Stewart          0  0  0   0  0   1  0  0  0  0  1/1    10:28   0:00   0:00 
Benn Ferriero            0  0  0   0  0   1  0  0  0  0  0/1     6:48   0:00   0:00 
Brad Richardson          0  0  0  -1  0   1  1  0  1  0  0/1    14:39   1:14   0:00 
Brent Seabrook           0  0  0  -1  0   2  1  3  0  0  0/0    27:33   0:46   4:47 
Chris Mcallister         0  0  0   0  0   4  2  0  0  0  0/0    15:47   0:00   4:52 
Dan Boyle                1  1  2   0  0   2  0  1  0  0  0/0    19:13   2:02   1:22 
Dominic Moore            0  0  0   0  2   2  0  0  0  0  7/10   14:21   0:00   3:42 
Ilya Kovalchuk           1  2  3   1  2   5  3  2  0  0  1/4    21:40   1:34   1:59 
Jason Spezza             1  1  2  -1  0   2  0  0  1  0  4/9    14:39   1:14   0:00 
Jordan Eberle            0  1  1   1  0   2  3  0  0  1  0/0    19:25   1:34   0:00 
Karl Alzner              0  0  0   0  0   0  1  3  0  0  0/0    22:00   2:02   3:43 
Kyle Cumiskey            0  0  0   1  0   1  0  0  0  1  0/0    10:25   0:00   0:00 
Matt Duchene             1  1  2   1  2   8  2  0  0  1  28/40  21:46   1:34   1:59 
Mike Komisarek           0  1  1   0  2   2  1  2  0  1  0/0    23:26   0:00   3:27 
Steve Ott                0  0  0   0  0   1  0  0  0  0  0/3     9:18   0:00   2:30 
Ted Purcell              1  1  2  -1  0   2  1  0  2  0  0/0    14:39   1:14   0:00 

3 Stars

1 - Henrik Sedin (Bos)
2 - Ilya Kovalchuk (NJD)
3 - Matt Duchene (NJD)

Power Play

Bruins - 1 on 5 Attempt(s) - 20,00%
Devils - 3 on 4 Attempt(s) - 75,00%

Penalty Kill

Bruins - 1 on 4 Attempt(s) - 25,00% - Score 0 goal in Penalty Kill
Devils - 4 on 5 Attempt(s) - 80,00% - Score 0 goal in Penalty Kill

Team Stat

Bruins - Hits : 11 - Faceoff Wins : 28 - Blocked Shots : 10 - Penalty Minutes : 8
Devils - Hits : 19 - Faceoff Wins : 41 - Blocked Shots : 11 - Penalty Minutes : 10

Official

Referees : L'Ecuyer Frederick and Kozari Steve
Linesman : Scott Cherrey and Mike Cvik

Game Notes

No Game Note

Finance

Level 1 -- Attendance: 5748 (95,80%) -- Ticket Income 488 580 $
Level 2 -- Attendance: 5000 (100,00%) -- Ticket Income 260 000 $
Level 3 -- Attendance: 1861 (93,05%) -- Ticket Income 52 108 $
Level 4 -- Attendance: 3811 (95,28%) -- Ticket Income 76 220 $
Luxury Box -- Attendance: 988 (98,80%) -- Ticket Income 148 200 $
Game was played at the The prudential Center.
Total Attendance: 17408 (96,71%)
Total Ticket Income: 1 025 108 $
Other Income: 153 766 $
Total Income: 1 178 874 $

Bruins

5 vs 5 Forward 
   Center                   Left Wing                Right Wing               Time % Phy DF OF 
 1 Henrik Sedin             Wojtek Wolski            Victor Oreskovich        40     1   2  2  
 2 Chris Kelly              Daniel Sedin             Dainius Zubrus           30     1   2  2  
 3 Daymond Langkow          Matt Cooke               Adam Pineault            20     1   2  2  
 4 Wojtek Wolski            Viktor Stalberg          Henrik Sedin             10     1   2  2  

5 vs 5 Defense 
   Defense                  Defense                                           Time % Phy DF OF 
 1 Jason Demers             Andrew Alberts                                    40     1   2  2  
 2 Mark Stuart              Maxim Kondratiev                                  30     1   2  2  
 3 Jonathan Sigalet         Nate Prosser                                      20     1   2  2  
 4 Justin Falk              Jason Demers                                      10     1   2  2  

PowerPlay Forward 
   Center                   Left Wing                Right Wing               Time % Phy DF OF 
 1 Henrik Sedin             Wojtek Wolski            Victor Oreskovich        60     1   2  2  
 2 Chris Kelly              Daniel Sedin             Dainius Zubrus           40     1   2  2  

PowerPlay Defense
   Defense                  Defense                                           Time % Phy DF OF 
 1 Jason Demers             Andrew Alberts                                    60     1   2  2  
 2 Mark Stuart              Maxim Kondratiev                                  40     1   2  2  

Penalty Kill 4 Players Forward 
   Center                   Wing                     Time % Phy DF OF 
 1 Wojtek Wolski            Henrik Sedin             60     1   2  2  
 2 Daniel Sedin             Victor Oreskovich        40     1   2  2  

Penalty Kill 4 Players Defense
   Defense                  Defense                  Time % Phy DF OF 
 1 Jason Demers             Andrew Alberts           60     1   2  2  
 2 Mark Stuart              Maxim Kondratiev         40     1   2  2  

Penalty Kill - 3 Players Forward 
   Forward                                           Time % Phy DF OF 
 1 Wojtek Wolski                                     60     1   2  2  
 2 Henrik Sedin                                      40     1   2  2  

Penalty Kill - 3 Players Defense
   Defense                  Defense                  Time % Phy DF OF 
 1 Jason Demers             Andrew Alberts           60     1   2  2  
 2 Mark Stuart              Maxim Kondratiev         40     1   2  2  

4 vs 4 Forward 
   Center                   Wing                     Time % Phy DF OF 
 1 Wojtek Wolski            Henrik Sedin             60     1   2  2  
 2 Daniel Sedin             Victor Oreskovich        40     1   2  2  

4 vs 4 Defense
   Defense                  Defense                  Time % Phy DF OF 
 1 Jason Demers             Andrew Alberts           60     1   2  2  
 2 Mark Stuart              Maxim Kondratiev         40     1   2  2  

Last Minutes Offensive
   Center                   Left Wing                Right Wing               Defense                  Defense                  
   Henrik Sedin             Wojtek Wolski            Victor Oreskovich        Jason Demers             Andrew Alberts           

Last Minutes Defensive
   Center                   Left Wing                Right Wing               Defense                  Defense                  
   Henrik Sedin             Wojtek Wolski            Victor Oreskovich        Jason Demers             Andrew Alberts           

Goaltenders
Starting : Roberto Luongo           
Backup : Karri Ramo               

Extra Forwards
Normal : Curtis Glencross, Matt Cooke, Daymond Langkow - PP : Curtis Glencross, Matt Cooke - PK : Daymond Langkow
Extra Defensemen
Normal : Jonathan Sigalet, Nate Prosser, Justin Falk - PP : Jonathan Sigalet - PK : Nate Prosser, Justin Falk
Penalty Shots
Wojtek Wolski, Henrik Sedin, Daniel Sedin, Victor Oreskovich, Chris Kelly

Devils

5 vs 5 Forward 
   Center                   Left Wing                Right Wing               Time % Phy DF OF 
 1 Matt Duchene             Ilya Kovalchuk           Jordan Eberle            40     0   2  3  
 2 Jason Spezza             Ted Purcell              Brad Richardson          30     0   2  3  
 3 Dominic Moore            Chris Mcallister         Anthony Stewart          20     0   2  3  
 4 Steve Ott                Alexandre Burrows        Benn Ferriero            10     0   2  3  

5 vs 5 Defense 
   Defense                  Defense                                           Time % Phy DF OF 
 1 Brent Seabrook           Mike Komisarek                                    40     1   2  2  
 2 Dan Boyle                Karl Alzner                                       30     1   2  2  
 3 Kyle Cumiskey            Adam Pardy                                        20     1   2  2  
 4 Brent Seabrook           Adam Pardy                                        10     1   2  2  

PowerPlay Forward 
   Center                   Left Wing                Right Wing               Time % Phy DF OF 
 1 Matt Duchene             Ilya Kovalchuk           Jordan Eberle            60     0   1  4  
 2 Jason Spezza             Ted Purcell              Brad Richardson          40     0   1  4  

PowerPlay Defense
   Defense                  Defense                                           Time % Phy DF OF 
 1 Dan Boyle                Karl Alzner                                       60     1   2  2  
 2 Brent Seabrook           Adam Pardy                                        40     1   2  2  

Penalty Kill 4 Players Forward 
   Center                   Wing                     Time % Phy DF OF 
 1 Dominic Moore            Chris Mcallister         60     1   2  2  
 2 Steve Ott                Ilya Kovalchuk           40     1   2  2  

Penalty Kill 4 Players Defense
   Defense                  Defense                  Time % Phy DF OF 
 1 Brent Seabrook           Mike Komisarek           60     1   2  2  
 2 Adam Pardy               Karl Alzner              40     1   2  2  

Penalty Kill - 3 Players Forward 
   Forward                                           Time % Phy DF OF 
 1 Ted Purcell                                       60     1   2  2  
 2 Dominic Moore                                     40     1   2  2  

Penalty Kill - 3 Players Defense
   Defense                  Defense                  Time % Phy DF OF 
 1 Adam Pardy               Mike Komisarek           60     1   2  2  
 2 Mike Komisarek           Kyle Cumiskey            40     1   2  2  

4 vs 4 Forward 
   Center                   Wing                     Time % Phy DF OF 
 1 Jason Spezza             Ted Purcell              60     1   2  2  
 2 Matt Duchene             Ilya Kovalchuk           40     1   2  2  

4 vs 4 Defense
   Defense                  Defense                  Time % Phy DF OF 
 1 Karl Alzner              Brent Seabrook           60     1   2  2  
 2 Mike Komisarek           Dan Boyle                40     1   2  2  

Last Minutes Offensive
   Center                   Left Wing                Right Wing               Defense                  Defense                  
   Jason Spezza             Ilya Kovalchuk           Anthony Stewart          Brent Seabrook           Dan Boyle                

Last Minutes Defensive
   Center                   Left Wing                Right Wing               Defense                  Defense                  
   Dominic Moore            Ilya Kovalchuk           Brad Richardson          Mike Komisarek           Brent Seabrook           

Goaltenders
Starting : Cam Ward                 
Backup : James Reimer             

Extra Forwards
Normal : Anthony Stewart, Chris Mcallister, Dominic Moore - PP : Matt Duchene, Steve Ott - PK : Chris Mcallister
Extra Defensemen
Normal : Brent Seabrook, Karl Alzner, Adam Pardy - PP : Kyle Cumiskey - PK : Karl Alzner, Brent Seabrook
Penalty Shots
Ilya Kovalchuk, Ted Purcell, Dominic Moore, Matt Duchene, Jordan Eberle

% Time on Ice - Bruins

Lines # - Real PCT - Wanted PCT - Time Play
Normal Forward
1 - 34% - 40% - 16:27
2 - 32% - 30% - 15:40
3 - 27% - 20% - 13:03
4 - 8% - 10% - 3:51
Normal Defense
1 - 39% - 40% - 18:56
2 - 31% - 30% - 15:07
3 - 24% - 20% - 11:49
4 - 6% - 10% - 3:09
PP Forward
1 - 62% - 60% - 5:02
2 - 38% - 40% - 3:09
PP Defense
1 - 72% - 60% - 5:52
2 - 28% - 40% - 2:19
PK Forward
1 - 80% - 60% - 2:15
2 - 20% - 40% - 0:33
PK Defense
1 - 68% - 60% - 1:55
2 - 32% - 40% - 0:53
PK3 Forward
1 - 0% - 60%
2 - 0% - 40%
PK3 Defense
1 - 0% - 60%
2 - 0% - 40%
44 Forward
1 - 0% - 60%
2 - 0% - 40%
44 Defense
1 - 0% - 60%
2 - 0% - 40%
Last Minute Offensive  - 0:00
Last Minute Defensive  - 0:00
Total
Forward - 60:00
Defense - 60:00

% Time on Ice - Devils

Lines # - Real PCT - Wanted PCT - Time Play
Normal Forward
1 - 39% - 40% - 18:54
2 - 27% - 30% - 13:25
3 - 20% - 20% - 9:54
4 - 14% - 10% - 6:48
Normal Defense
1 - 41% - 40% - 20:19
2 - 33% - 30% - 16:02
3 - 20% - 20% - 10:02
4 - 5% - 10% - 2:38
PP Forward
1 - 56% - 60% - 1:34
2 - 44% - 40% - 1:14
PP Defense
1 - 73% - 60% - 2:02
2 - 27% - 40% - 0:46
PK Forward
1 - 69% - 60% - 5:41
2 - 31% - 40% - 2:30
PK Defense
1 - 63% - 60% - 5:07
2 - 37% - 40% - 3:04
PK3 Forward
1 - 0% - 60%
2 - 0% - 40%
PK3 Defense
1 - 0% - 60%
2 - 0% - 40%
44 Forward
1 - 0% - 60%
2 - 0% - 40%
44 Defense
1 - 0% - 60%
2 - 0% - 40%
Last Minute Offensive  - 0:00
Last Minute Defensive  - 0:00
Total
Forward - 60:00
Defense - 60:00

Play by Play

1st period


0:01 of 1st period - Henrik Sedin wins face-off versus Matt Duchene in neutral zone.
0:26 of 1st period - Mike Komisarek is hit by Andrew Alberts and loses puck.
0:59 of 1st period - Wrist shot by Matt Cooke.
0:59 of 1st period - Shot Misses the Net.
1:15 of 1st period - Snap shot by Brent Seabrook.
1:15 of 1st period - Deflect By Benn Ferriero.
1:15 of 1st period - Stopped by Roberto Luongo with a rebound.
1:50 of 1st period - Snap shot by Chris Kelly.
1:50 of 1st period - Stopped by Cam Ward with a rebound.
2:07 of 1st period - Minor Penalty to Dominic Moore for Holding.
2:08 of 1st period - Matt Duchene wins face-off versus Henrik Sedin in Devils zone.
2:17 of 1st period - Icing by Jason Demers.
2:18 of 1st period - Matt Duchene wins face-off versus Henrik Sedin in Bruins zone.
2:19 of 1st period - Wrist shot by Chris Mcallister.
2:19 of 1st period - Shot Misses the Net.
3:18 of 1st period - Wrist shot by Wojtek Wolski.
3:18 of 1st period - Stopped by Cam Ward with a rebound.
3:20 of 1st period - Wrist shot by Jason Demers.
3:20 of 1st period - Shot Misses the Net.
3:28 of 1st period - Snap shot by Wojtek Wolski.
3:28 of 1st period - Shot Blocked by Ilya Kovalchuk.
3:30 of 1st period - Slapshot by Andrew Alberts.
3:30 of 1st period - Shot Blocked by Brent Seabrook.
3:32 of 1st period - Wrist shot by Jason Demers.
3:32 of 1st period - Shot Misses the Net.
3:34 of 1st period - Slapshot by Victor Oreskovich.
3:34 of 1st period - Shot Blocked by Mike Komisarek.
3:36 of 1st period - Snap shot by Andrew Alberts.
3:36 of 1st period - Stopped by Cam Ward without a rebound.
3:37 of 1st period - Chris Kelly wins face-off versus Matt Duchene in Devils zone.
3:40 of 1st period - Snap shot by Chris Kelly.
3:40 of 1st period - Shot Misses the Net.
3:42 of 1st period - Slapshot by Mark Stuart.
3:42 of 1st period - Shot Blocked by Karl Alzner.
3:56 of 1st period - Chris Mcallister is hit by Mark Stuart and loses puck.
4:07 of 1st period - Penalty to Dominic Moore is over, Dominic Moore is back on ice.
4:12 of 1st period - Snap shot by Matt Duchene.
4:12 of 1st period - Deflect By Dominic Moore.
4:12 of 1st period - Shot Misses the Net.
4:12 of 1st period - Puck is out of play.
4:13 of 1st period - Jason Spezza wins face-off versus Daymond Langkow in Bruins zone.
4:24 of 1st period - Snap shot by Jason Spezza.
4:24 of 1st period - Shot Misses the Net.
4:40 of 1st period - Icing by Steve Ott.
4:41 of 1st period - Chris Kelly wins face-off versus Benn Ferriero in Devils zone.
5:02 of 1st period - Slapshot by Brent Seabrook.
5:02 of 1st period - Deflect By Matt Duchene.
5:02 of 1st period - Stopped by Roberto Luongo without a rebound.
5:03 of 1st period - Daymond Langkow wins face-off versus Matt Duchene in Bruins zone.
5:03 of 1st period - Daymond Langkow is hit by Jordan Eberle.
5:09 of 1st period - Ilya Kovalchuk is hit by Matt Cooke and loses puck.
6:15 of 1st period - Jason Demers is hit by Alexandre Burrows.
6:43 of 1st period - Snap shot by Ted Purcell.
6:43 of 1st period - Stopped by Roberto Luongo without a rebound.
6:44 of 1st period - Henrik Sedin wins face-off versus Brad Richardson in Bruins zone.
7:49 of 1st period - Snap shot by Henrik Sedin.
7:49 of 1st period - Shot Misses the Net.
8:25 of 1st period - Slapshot by Dominic Moore.
8:25 of 1st period - Shot Blocked by Henrik Sedin.
8:42 of 1st period - Wrist shot by Jordan Eberle.
8:42 of 1st period - Stopped by Roberto Luongo without a rebound.
8:43 of 1st period - Matt Duchene wins face-off versus Daymond Langkow in Bruins zone.
8:48 of 1st period - Snap shot by Matt Duchene.
8:48 of 1st period - Stopped by Roberto Luongo without a rebound.
8:49 of 1st period - Matt Duchene wins face-off versus Daymond Langkow in Bruins zone.
9:20 of 1st period - Ted Purcell is hit by Wojtek Wolski and loses puck.
10:10 of 1st period - Jason Demers is hit by Alexandre Burrows and loses puck.
10:25 of 1st period - Snap shot by Wojtek Wolski.
10:25 of 1st period - Stopped by Cam Ward with a rebound.
10:27 of 1st period - Snap shot by Henrik Sedin.
10:27 of 1st period - Shot Misses the Net.
12:36 of 1st period - Chris Kelly is hit by Ilya Kovalchuk and loses puck.
12:41 of 1st period - Snap shot by Ilya Kovalchuk.
12:41 of 1st period - Shot Misses the Net.
12:43 of 1st period - Slapshot by Dan Boyle.
12:43 of 1st period - Stopped by Roberto Luongo with a rebound.
13:21 of 1st period - Snap shot by Chris Mcallister.
13:21 of 1st period - Shot Blocked by Nate Prosser.
13:23 of 1st period - Wrist shot by Chris Mcallister.
13:23 of 1st period - Deflect By Dominic Moore.
13:23 of 1st period - Shot Misses the Net.
13:23 of 1st period - Puck is out of play.
13:24 of 1st period - Matt Duchene wins face-off versus Henrik Sedin in Bruins zone.
13:31 of 1st period - Mark Stuart is hit by Ilya Kovalchuk and loses puck.
13:40 of 1st period - Mark Stuart is hit by Jordan Eberle and loses puck.
14:21 of 1st period - Snap shot by Chris Mcallister.
14:21 of 1st period - Stopped by Roberto Luongo without a rebound.
14:22 of 1st period - Matt Duchene wins face-off versus Chris Kelly in Bruins zone.
14:25 of 1st period - Wrist shot by Ilya Kovalchuk.
14:25 of 1st period - Shot Misses the Net.
14:27 of 1st period - Snap shot by Ilya Kovalchuk.
14:27 of 1st period - Deflect By Matt Duchene.
14:27 of 1st period - Stopped by Roberto Luongo without a rebound.
14:28 of 1st period - Matt Duchene wins face-off versus Chris Kelly in Bruins zone.
15:29 of 1st period - Minor Penalty to Matt Cooke for Slashing.
15:30 of 1st period - Ilya Kovalchuk wins face-off versus Wojtek Wolski in Bruins zone.
15:35 of 1st period - Snap shot by Matt Duchene.
15:35 of 1st period - Goal by Matt Duchene - Bruins : 0 - Devils : 1.
15:36 of 1st period - Henrik Sedin wins face-off versus Matt Duchene in neutral zone.
16:11 of 1st period - Snap shot by Brad Richardson.
16:11 of 1st period - Stopped by Roberto Luongo with a rebound.
16:13 of 1st period - Slapshot by Brent Seabrook.
16:13 of 1st period - Stopped by Roberto Luongo without a rebound.
16:14 of 1st period - Matt Duchene wins face-off versus Henrik Sedin in Bruins zone.
16:39 of 1st period - Dainius Zubrus is hit by Brad Richardson and loses puck.
16:44 of 1st period - Snap shot by Jason Spezza.
16:44 of 1st period - Shot Hit the Post.
16:48 of 1st period - Wrist shot by Jason Spezza.
16:48 of 1st period - Stopped by Roberto Luongo with a rebound.
16:50 of 1st period - Slapshot by Adam Pardy.
16:50 of 1st period - Shot Blocked by Mark Stuart.
16:52 of 1st period - Snap shot by Jason Spezza.
16:52 of 1st period - Goal by Jason Spezza - Bruins : 0 - Devils : 2.
16:53 of 1st period - Matt Duchene wins face-off versus Henrik Sedin in neutral zone.
17:02 of 1st period - Snap shot by Ilya Kovalchuk.
17:02 of 1st period - Stopped by Roberto Luongo with a rebound.
17:18 of 1st period - Jason Spezza is hit by Matt Cooke and loses puck.
17:23 of 1st period - Snap shot by Matt Cooke.
17:23 of 1st period - Deflect By Adam Pineault.
17:23 of 1st period - Stopped by Cam Ward with a rebound.
17:25 of 1st period - Wrist shot by Adam Pineault.
17:25 of 1st period - Goal by Adam Pineault - Bruins : 1 - Devils : 2.
17:26 of 1st period - Matt Duchene wins face-off versus Henrik Sedin in neutral zone.
17:31 of 1st period - Henrik Sedin is hit by Matt Duchene and loses puck.
17:59 of 1st period - Minor Penalty to Dainius Zubrus for Goalie Interference.
18:00 of 1st period - Matt Duchene wins face-off versus Wojtek Wolski in Bruins zone.
18:00 of 1st period - Snap shot by Ilya Kovalchuk.
18:00 of 1st period - Shot Misses the Net.
18:02 of 1st period - Snap shot by Jordan Eberle.
18:02 of 1st period - Shot Blocked by Jason Demers.
18:04 of 1st period - Slapshot by Dan Boyle.
18:04 of 1st period - Shot Misses the Net.
18:06 of 1st period - Snap shot by Dan Boyle.
18:06 of 1st period - Goal by Dan Boyle - Bruins : 1 - Devils : 3.
18:07 of 1st period - Wojtek Wolski wins face-off versus Matt Duchene in neutral zone.
18:34 of 1st period - Chris Kelly is hit by Ted Purcell and loses puck.
19:01 of 1st period - Wrist shot by Chris Mcallister.
19:01 of 1st period - Stopped by Roberto Luongo without a rebound.
19:02 of 1st period - Henrik Sedin wins face-off versus Matt Duchene in Bruins zone.
19:04 of 1st period - Icing by Victor Oreskovich.
19:05 of 1st period - Henrik Sedin wins face-off versus Matt Duchene in Bruins zone.
Goals for this period are 1 for Bruins vs 3 for Devils.
Shots for this period are 6 for Bruins vs 16 for Devils.

2nd period


0:01 of 2nd period - Henrik Sedin wins face-off versus Matt Duchene in neutral zone.
0:53 of 2nd period - Maxim Kondratiev is hit by Chris Mcallister and loses puck.
1:20 of 2nd period - Snap shot by Wojtek Wolski.
1:20 of 2nd period - Shot Misses the Net.
2:42 of 2nd period - Matt Duchene is hit by Chris Kelly and loses puck.
4:13 of 2nd period - Snap shot by Alexandre Burrows.
4:13 of 2nd period - Stopped by Roberto Luongo without a rebound.
4:14 of 2nd period - Matt Duchene wins face-off versus Chris Kelly in Bruins zone.
4:15 of 2nd period - Snap shot by Jordan Eberle.
4:15 of 2nd period - Deflect By Matt Duchene.
4:15 of 2nd period - Shot Misses the Net.
4:15 of 2nd period - Puck is out of play.
4:16 of 2nd period - Matt Duchene wins face-off versus Chris Kelly in Bruins zone.
4:17 of 2nd period - Snap shot by Ilya Kovalchuk.
4:17 of 2nd period - Shot Misses the Net.
4:25 of 2nd period - Wrist shot by Ilya Kovalchuk.
4:25 of 2nd period - Stopped by Roberto Luongo with a rebound.
4:47 of 2nd period - Backhand shot by Anthony Stewart.
4:47 of 2nd period - Stopped by Roberto Luongo without a rebound.
4:48 of 2nd period - Anthony Stewart wins face-off versus Henrik Sedin in Bruins zone.
4:51 of 2nd period - Snap shot by Chris Mcallister.
4:51 of 2nd period - Stopped by Roberto Luongo with a rebound.
4:53 of 2nd period - Snap shot by Dominic Moore.
4:53 of 2nd period - Stopped by Roberto Luongo with a rebound.
4:55 of 2nd period - Slapshot by Anthony Stewart.
4:55 of 2nd period - Shot Blocked by Henrik Sedin.
4:57 of 2nd period - Slapshot by Mike Komisarek.
4:57 of 2nd period - Shot Blocked by Maxim Kondratiev.
5:23 of 2nd period - Snap shot by Adam Pineault.
5:23 of 2nd period - Stopped by Cam Ward without a rebound.
5:24 of 2nd period - Jason Spezza wins face-off versus Henrik Sedin in Devils zone.
5:29 of 2nd period - Wrist shot by Henrik Sedin.
5:29 of 2nd period - Goal by Henrik Sedin - Bruins : 2 - Devils : 3.
5:30 of 2nd period - Henrik Sedin wins face-off versus Ilya Kovalchuk in neutral zone.
5:51 of 2nd period - Minor Penalty to Adam Pardy for Tripping.
5:52 of 2nd period - Dominic Moore wins face-off versus Henrik Sedin in Devils zone.
6:27 of 2nd period - Slapshot by Chris Kelly.
6:27 of 2nd period - Shot Misses the Net.
7:51 of 2nd period - Penalty to Adam Pardy is over, Adam Pardy is back on ice.
8:05 of 2nd period - Slapshot by Kyle Cumiskey.
8:05 of 2nd period - Deflect By Mark Stuart.
8:05 of 2nd period - Stopped by Roberto Luongo without a rebound.
8:06 of 2nd period - Daymond Langkow wins face-off versus Jason Spezza in Bruins zone.
8:55 of 2nd period - Dan Boyle is hit by Dainius Zubrus.
9:34 of 2nd period - Snap shot by Chris Kelly.
9:34 of 2nd period - Stopped by Cam Ward without a rebound.
9:35 of 2nd period - Daniel Sedin wins face-off versus Jason Spezza in Devils zone.
9:36 of 2nd period - Snap shot by Dainius Zubrus.
9:36 of 2nd period - Shot Misses the Net.
9:58 of 2nd period - Adam Pardy is hit by Victor Oreskovich and loses puck.
10:53 of 2nd period - Minor Penalty to Ilya Kovalchuk for Interference.
10:54 of 2nd period - Henrik Sedin wins face-off versus Dominic Moore in Devils zone.
11:26 of 2nd period - Snap shot by Chris Kelly.
11:26 of 2nd period - Deflect By Daniel Sedin.
11:26 of 2nd period - Shot Blocked by Karl Alzner.
11:26 of 2nd period - Puck is out of play.
11:27 of 2nd period - Dominic Moore wins face-off versus Chris Kelly in Devils zone.
11:43 of 2nd period - Off-side.
11:44 of 2nd period - Henrik Sedin wins face-off versus Steve Ott in neutral zone.
11:57 of 2nd period - Wrist shot by Wojtek Wolski.
11:57 of 2nd period - Stopped by Cam Ward without a rebound.
11:58 of 2nd period - Dominic Moore wins face-off versus Henrik Sedin in Devils zone.
12:31 of 2nd period - Brent Seabrook is hit by Jason Demers and loses puck.
12:39 of 2nd period - Icing by Dainius Zubrus.
12:40 of 2nd period - Dominic Moore wins face-off versus Chris Kelly in Bruins zone.
12:53 of 2nd period - Penalty to Ilya Kovalchuk is over, Ilya Kovalchuk is back on ice.
12:55 of 2nd period - Wrist shot by Wojtek Wolski.
12:55 of 2nd period - Shot Blocked by Ilya Kovalchuk.
13:01 of 2nd period - Wrist shot by Henrik Sedin.
13:01 of 2nd period - Shot Misses the Net.
13:09 of 2nd period - Wrist shot by Dominic Moore.
13:09 of 2nd period - Stopped by Roberto Luongo without a rebound.
13:10 of 2nd period - Matt Duchene wins face-off versus Chris Kelly in Bruins zone.
13:31 of 2nd period - Minor Penalty to Chris Kelly for Holding.
13:32 of 2nd period - Matt Duchene wins face-off versus Wojtek Wolski in Bruins zone.
14:07 of 2nd period - Snap shot by Ted Purcell.
14:07 of 2nd period - Goal by Ted Purcell - Bruins : 2 - Devils : 4.
14:08 of 2nd period - Matt Duchene wins face-off versus Chris Kelly in neutral zone.
14:15 of 2nd period - Snap shot by Ilya Kovalchuk.
14:15 of 2nd period - Deflect By Matt Duchene.
14:15 of 2nd period - Stopped by Roberto Luongo with a rebound.
14:34 of 2nd period - Victor Oreskovich is hit by Chris Mcallister and loses puck.
15:28 of 2nd period - Nate Prosser is hit by Jordan Eberle and loses puck.
16:09 of 2nd period - Snap shot by Daymond Langkow.
16:09 of 2nd period - Shot Blocked by Dan Boyle.
16:35 of 2nd period - Snap shot by Dominic Moore.
16:35 of 2nd period - Shot Misses the Net.
16:37 of 2nd period - Slapshot by Chris Mcallister.
16:37 of 2nd period - Stopped by Roberto Luongo without a rebound.
16:38 of 2nd period - Matt Duchene wins face-off versus Henrik Sedin in Bruins zone.
16:45 of 2nd period - Snap shot by Matt Duchene.
16:45 of 2nd period - Deflect By Victor Oreskovich.
16:45 of 2nd period - Stopped by Roberto Luongo with a rebound.
16:52 of 2nd period - Minor Penalty to Mike Komisarek for Tripping.
16:53 of 2nd period - Dominic Moore wins face-off versus Henrik Sedin in Devils zone.
18:52 of 2nd period - Penalty to Mike Komisarek is over, Mike Komisarek is back on ice.
19:19 of 2nd period - Wrist shot by Benn Ferriero.
19:19 of 2nd period - Shot Misses the Net.
19:21 of 2nd period - Slapshot by Steve Ott.
19:21 of 2nd period - Stopped by Roberto Luongo without a rebound.
19:22 of 2nd period - Wojtek Wolski wins face-off versus Steve Ott in Bruins zone.
19:39 of 2nd period - Snap shot by Ilya Kovalchuk.
19:39 of 2nd period - Goal by Ilya Kovalchuk - Bruins : 2 - Devils : 5.
19:40 of 2nd period - Victor Oreskovich wins face-off versus Matt Duchene in neutral zone.
19:52 of 2nd period - Icing by Victor Oreskovich.
19:53 of 2nd period - Matt Duchene wins face-off versus Henrik Sedin in Bruins zone.
Goals for this period are 1 for Bruins vs 2 for Devils.
Shots for this period are 4 for Bruins vs 13 for Devils.

3rd period


0:01 of 3rd period - Matt Duchene wins face-off versus Henrik Sedin in neutral zone.
0:22 of 3rd period - Minor Penalty to Matt Duchene for High sticking.
0:23 of 3rd period - Dominic Moore wins face-off versus Henrik Sedin in Devils zone.
0:27 of 3rd period - Off-side.
0:28 of 3rd period - Henrik Sedin wins face-off versus Dominic Moore in neutral zone.
0:31 of 3rd period - Wrist shot by Henrik Sedin.
0:31 of 3rd period - Shot Blocked by Brent Seabrook.
0:33 of 3rd period - Wrist shot by Henrik Sedin.
0:33 of 3rd period - Stopped by Cam Ward without a rebound.
0:34 of 3rd period - Wojtek Wolski wins face-off versus Dominic Moore in Devils zone.
0:37 of 3rd period - Wrist shot by Henrik Sedin.
0:37 of 3rd period - Goal by Henrik Sedin - Bruins : 3 - Devils : 5.
0:38 of 3rd period - Henrik Sedin wins face-off versus Ilya Kovalchuk in neutral zone.
0:56 of 3rd period - Icing by Dan Boyle.
0:57 of 3rd period - Chris Kelly wins face-off versus Matt Duchene in Devils zone.
0:58 of 3rd period - Wrist shot by Daniel Sedin.
0:58 of 3rd period - Deflect By Chris Kelly.
0:58 of 3rd period - Stopped by Cam Ward without a rebound.
0:59 of 3rd period - Matt Duchene wins face-off versus Chris Kelly in Devils zone.
1:06 of 3rd period - Dainius Zubrus is hit by Ilya Kovalchuk and loses puck.
1:15 of 3rd period - Snap shot by Daniel Sedin.
1:15 of 3rd period - Deflect By Chris Kelly.
1:15 of 3rd period - Shot Misses the Net.
1:15 of 3rd period - Puck is out of play.
1:16 of 3rd period - Henrik Sedin wins face-off versus Jason Spezza in Devils zone.
1:17 of 3rd period - Wrist shot by Wojtek Wolski.
1:17 of 3rd period - Stopped by Cam Ward with a rebound.
1:19 of 3rd period - Slapshot by Henrik Sedin.
1:19 of 3rd period - Shot Blocked by Karl Alzner.
1:21 of 3rd period - Wrist shot by Henrik Sedin.
1:21 of 3rd period - Shot Misses the Net.
1:32 of 3rd period - Off-side.
1:33 of 3rd period - Matt Duchene wins face-off versus Chris Kelly in neutral zone.
1:40 of 3rd period - Wrist shot by Jordan Eberle.
1:40 of 3rd period - Stopped by Roberto Luongo with a rebound.
1:42 of 3rd period - Slapshot by Brent Seabrook.
1:42 of 3rd period - Stopped by Roberto Luongo without a rebound.
1:43 of 3rd period - Matt Duchene wins face-off versus Chris Kelly in Bruins zone.
1:48 of 3rd period - Snap shot by Ilya Kovalchuk.
1:48 of 3rd period - Shot Blocked by Jason Demers.
1:50 of 3rd period - Slapshot by Mike Komisarek.
1:50 of 3rd period - Stopped by Roberto Luongo without a rebound.
1:51 of 3rd period - Matt Duchene wins face-off versus Henrik Sedin in Bruins zone.
1:52 of 3rd period - Snap shot by Jordan Eberle.
1:52 of 3rd period - Deflect By Ilya Kovalchuk.
1:52 of 3rd period - Shot Misses the Net.
1:52 of 3rd period - Puck is out of play.
1:53 of 3rd period - Matt Duchene wins face-off versus Henrik Sedin in Bruins zone.
2:00 of 3rd period - Wrist shot by Matt Duchene.
2:00 of 3rd period - Deflect By Ilya Kovalchuk.
2:00 of 3rd period - Shot Misses the Net.
2:00 of 3rd period - Puck is out of play.
2:01 of 3rd period - Matt Duchene wins face-off versus Henrik Sedin in Bruins zone.
3:24 of 3rd period - Snap shot by Jordan Eberle.
3:24 of 3rd period - Shot Misses the Net.
3:26 of 3rd period - Wrist shot by Dan Boyle.
3:26 of 3rd period - Shot Blocked by Jason Demers.
3:28 of 3rd period - Snap shot by Ilya Kovalchuk.
3:28 of 3rd period - Shot Misses the Net.
3:38 of 3rd period - Snap shot by Jordan Eberle.
3:38 of 3rd period - Shot Misses the Net.
3:48 of 3rd period - Wrist shot by Matt Duchene.
3:48 of 3rd period - Stopped by Roberto Luongo without a rebound.
3:49 of 3rd period - Chris Kelly wins face-off versus Jason Spezza in Bruins zone.
3:49 of 3rd period - Chris Kelly is hit by Mike Komisarek.
3:56 of 3rd period - Maxim Kondratiev is hit by Brent Seabrook and loses puck.
4:20 of 3rd period - Wrist shot by Jonathan Sigalet.
4:20 of 3rd period - Stopped by Cam Ward with a rebound.
4:22 of 3rd period - Wrist shot by Adam Pineault.
4:22 of 3rd period - Shot Misses the Net.
4:24 of 3rd period - Slapshot by Matt Cooke.
4:24 of 3rd period - Shot Blocked by Mike Komisarek.
4:34 of 3rd period - Nate Prosser is hit by Alexandre Burrows and loses puck.
9:26 of 3rd period - Andrew Alberts is hit by Karl Alzner and loses puck.
9:48 of 3rd period - Icing by Jason Spezza.
9:49 of 3rd period - Chris Kelly wins face-off versus Jason Spezza in Devils zone.
10:18 of 3rd period - Snap shot by Alexandre Burrows.
10:18 of 3rd period - Shot Blocked by Mark Stuart.
10:20 of 3rd period - Wrist shot by Alexandre Burrows.
10:20 of 3rd period - Stopped by Roberto Luongo without a rebound.
10:21 of 3rd period - Matt Duchene wins face-off versus Chris Kelly in Bruins zone.
10:30 of 3rd period - Snap shot by Dainius Zubrus.
10:30 of 3rd period - Shot Blocked by Brent Seabrook.
10:32 of 3rd period - Snap shot by Chris Kelly.
10:32 of 3rd period - Shot Misses the Net.
10:34 of 3rd period - Wrist shot by Chris Kelly.
10:34 of 3rd period - Shot Misses the Net.
11:18 of 3rd period - Off-side.
11:19 of 3rd period - Chris Kelly wins face-off versus Steve Ott in neutral zone.
11:44 of 3rd period - Matt Duchene is hit by Andrew Alberts.
11:56 of 3rd period - Slapshot by Ilya Kovalchuk.
11:56 of 3rd period - Stopped by Roberto Luongo without a rebound.
11:57 of 3rd period - Jason Spezza wins face-off versus Chris Kelly in Bruins zone.
12:04 of 3rd period - Ted Purcell is hit by Daniel Sedin and loses puck.
12:09 of 3rd period - Wrist shot by Chris Kelly.
12:09 of 3rd period - Deflect By Dainius Zubrus.
12:09 of 3rd period - Shot Misses the Net.
12:09 of 3rd period - Puck is out of play.
12:10 of 3rd period - Matt Duchene wins face-off versus Henrik Sedin in Devils zone.
13:21 of 3rd period - Slapshot by Andrew Alberts.
13:21 of 3rd period - Deflect By Viktor Stalberg.
13:21 of 3rd period - Stopped by Cam Ward with a rebound.
13:45 of 3rd period - Slapshot by Matt Cooke.
13:45 of 3rd period - Stopped by Cam Ward without a rebound.
13:46 of 3rd period - Jason Spezza wins face-off versus Daymond Langkow in Devils zone.
14:13 of 3rd period - Icing by Mike Komisarek.
14:14 of 3rd period - Henrik Sedin wins face-off versus Ilya Kovalchuk in Devils zone.
14:21 of 3rd period - Slapshot by Adam Pardy.
14:21 of 3rd period - Stopped by Roberto Luongo without a rebound.
14:22 of 3rd period - Wojtek Wolski wins face-off versus Matt Duchene in Bruins zone.
14:31 of 3rd period - Snap shot by Ilya Kovalchuk.
14:31 of 3rd period - Shot Misses the Net.
14:33 of 3rd period - Slapshot by Matt Duchene.
14:33 of 3rd period - Shot Hit the Post.
14:35 of 3rd period - Wrist shot by Matt Duchene.
14:35 of 3rd period - Stopped by Roberto Luongo with a rebound.
14:37 of 3rd period - Wrist shot by Ilya Kovalchuk.
14:37 of 3rd period - Stopped by Roberto Luongo with a rebound.
14:45 of 3rd period - Minor Penalty to Victor Oreskovich for Slashing.
14:46 of 3rd period - Matt Duchene wins face-off versus Wojtek Wolski in Bruins zone.
16:05 of 3rd period - Slapshot by Andrew Alberts.
16:05 of 3rd period - Stopped by Cam Ward with a rebound.
16:45 of 3rd period - Penalty to Victor Oreskovich is over, Victor Oreskovich is back on ice.
16:54 of 3rd period - Daniel Sedin is hit by Adam Pardy and loses puck.
17:13 of 3rd period - Wrist shot by Steve Ott.
17:13 of 3rd period - Shot Misses the Net.
17:15 of 3rd period - Wrist shot by Steve Ott.
17:15 of 3rd period - Deflect By Alexandre Burrows.
17:15 of 3rd period - Stopped by Roberto Luongo with a rebound.
17:17 of 3rd period - Slapshot by Alexandre Burrows.
17:17 of 3rd period - Shot Blocked by Nate Prosser.
17:19 of 3rd period - Snap shot by Mike Komisarek.
17:19 of 3rd period - Stopped by Roberto Luongo without a rebound.
17:20 of 3rd period - Dominic Moore wins face-off versus Henrik Sedin in Bruins zone.
18:03 of 3rd period - Wrist shot by Chris Kelly.
18:03 of 3rd period - Shot Misses the Net.
19:32 of 3rd period - Icing by Mark Stuart.
19:33 of 3rd period - Curtis Glencross wins face-off versus Matt Duchene in Bruins zone.
19:33 of 3rd period - Curtis Glencross is hit by Matt Duchene.
Goals for this period are 1 for Bruins vs 0 for Devils.
Shots for this period are 8 for Bruins vs 11 for Devils.